 Dungeon Crawl Stone Soup version 0.26-a0-259-g1effd001a9 (webtiles) character file.

Game seed: 15886198173260926967

147581 HoaS the Wrestler (level 17, -15/120 HPs)
             Began as a Gargoyle Gladiator on July 18, 2020.
             Was the Champion of Makhleb.
             Demolished by Frances
             ... wielding a +0 scimitar
              (18 damage)
             ... on level 2 of the Shoals.
             The game lasted 01:09:23 (24629 turns).

HoaS the Wrestler (Gargoyle Gladiator)             Turns: 24629, Time: 01:09:24

Health: -15/120    AC: 23    Str: 25    XL:     17   Next: 47%
Magic:  17/17      EV:  4    Int:  9    God:    Makhleb [******]
Gold:   3052       SH:  5    Dex: 11    Spells: 16/16 levels left

rFire    + + +     SeeInvis +     - Unarmed
rCold    + + .     Faith    .   (no shield)
rNeg     + . .     Spirit   .   V - +9 scales of the Dragon King {rPois rF+ rC+ MR+}
rPois    ∞         Reflect  +   I - +2 helmet {SInv}
rElec    +         Harm     .   K - +2 cloak of the Thirsty Wars {rF+ Regen+}
rCorr    .                      B - +2 pair of gloves
MR       ++...                  J - +2 pair of boots
Stlth    ..........             a - amulet of reflection
HPRegen  0.70/turn              F - ring of protection from cold
MPRegen  0.15/turn              E - ring of the Pure Nightmares {+Fly rF+ Slay+5}

@: mighty, corroded, flying
A: big wings, negative energy resistance 1, electricity resistance, unbreathing,
petrification resistance, rot immunity, AC +12
a: Stop Flying, Minor Destruction, Lesser Servant of Makhleb, Major Destruction,
Greater Servant of Makhleb, Renounce Religion


You were on level 2 of the Shoals.
You worshipped Makhleb.
Makhleb was exalted by your worship.
You were not hungry.

You visited 5 branches of the dungeon, and saw 26 of its levels.
You visited the Abyss 1 time.
You also visited: Sewer, Ossuary and Gauntlet.

You collected 5423 gold pieces.
You spent 2371 gold pieces at shops.

Inventory:

Missiles
 b - 13 curare-tipped darts (quivered)
 c - 7 silver javelins
 f - 67 boomerangs
 h - 127 poisoned darts
 x - 34 javelins
 Q - 11 boomerangs of dispersal
Armour
 B - a +2 pair of gloves (worn)
 I - a +2 helmet of see invisible (worn)
 J - a +2 pair of boots (worn)
 K - the +2 cloak of the Thirsty Wars (worn) {rF+ Regen+}
   (You found it in a Gauntlet)

   It protects you from fire.
   It increases your rate of regeneration.
 V - the +9 scales of the Dragon King (worn) {rPois rF+ rC+ MR+}
   (You bought it in a shop on level 2 of the Orcish Mines)

   It protects you from fire.
   It protects you from cold.
   It protects you from poison.
   It affects your resistance to hostile enchantments.
Jewellery
 a - an amulet of reflection (around neck)
 g - the ring of Sif Muna's Favour {rN+ SInv}
   (You found it in a Gauntlet)

   [ring of positive energy]

   It protects you from negative energy.
   It lets you see invisible.
 o - an uncursed ring of positive energy
 q - a +6 ring of dexterity
 E - the ring of the Pure Nightmares (right hand) {+Fly rF+ Slay+5}
   (You acquired it on level 10 of the Dungeon)

   [ring of flight]

   It affects your accuracy and damage with ranged weapons and melee attacks
   (+5).
   It protects you from fire.
   It lets you fly.
 F - a ring of protection from cold (left hand)
 L - an uncursed ring of ice
 N - an uncursed ring of ice
Wands
 r - a wand of flame (50)
 t - a wand of polymorph (35)
 y - a wand of digging (9)
 D - a wand of paralysis (24)
 G - a wand of acid (31)
 H - a wand of enslavement (20)
 M - a wand of clouds (18)
 S - a wand of random effects (7)
 T - a wand of iceblast (24)
Scrolls
 e - 2 scrolls of fear
 j - 4 scrolls of magic mapping
 k - 14 scrolls of teleportation
 l - 13 scrolls of identify
 n - 16 scrolls of remove curse
 s - 6 scrolls of blinking
 C - a scroll of vulnerability {unknown}
 O - 2 scrolls of fog
Potions
 i - 14 potions of curing
 m - 9 potions of heal wounds
 p - 11 potions of lignification
 u - 2 potions of resistance
 v - a potion of haste
 w - 3 potions of might
 z - a potion of mutation
 A - a potion of ambrosia
 P - a potion of berserk rage
 R - 2 potions of invisibility
 U - a potion of cancellation
Comestibles
 d - 80 rations


   Skills:
 + Level 18.6 Fighting
 - Level 1.7 Throwing
 - Level 2.4 Armour
 - Level 2.4 Dodging
 * Level 22.8 Unarmed Combat


You had 16 spell levels left.
You didn't know any spells.
Your spell library contained the following spells:

 Spells                   Type           Power        Failure   Level
 Apportation              Tloc           #.....       100%        1
 Foxfire                  Conj/Fire      #...         100%        1
 Infusion                 Chrm           #...         100%        1
 Summon Butterflies       Summ           #.......     100%        1
 Shroud of Golubria       Chrm/Tloc      #.....       100%        2
 Song of Slaying          Chrm           #.......     100%        2
 Confusing Touch          Hex            #.......     100%        3
 Conjure Flame            Conj/Fire      #.......     100%        3
 Gell's Gravitas          Tloc           #.........   100%        3
 Inner Flame              Hex/Fire       #.......     100%        3
 Lesser Beckoning         Tloc           #.........   100%        3
 Ozocubu's Armour         Chrm/Ice       #.......     100%        3
 Spectral Weapon          Hex/Chrm       #.......     100%        3
 Tukima's Dance           Hex            #.......     100%        3
 Petrify                  Tmut/Erth      #.......     100%        4
 Sticky Flame             Conj/Fire      #.......     100%        4
 Alistair's Intoxication  Tmut/Pois      #.......     100%        5
 Fireball                 Conj/Fire      #.........   100%        5
 Metabolic Englaciation   Hex/Ice        #.........   100%        5
 Yara's Violent Unravell  Hex/Tmut       #.........   100%        5
 Invisibility             Hex            #.......     100%        6


Dungeon Overview and Level Annotations

Branches:
Dungeon (15/15)            Temple (1/1) D:4            Lair (6/6) D:11
 Shoals (2/4) Lair:2       Spider (0/4) Lair:3        Slime (0/5) Lair:6
    Orc (2/2) D:10            Elf (0/3) Orc:2        Vaults (0/5) D:13
 Depths (0/5) D:15          Sewer (visited)         Ossuary (visited)
Gauntlet (visited)

Altars:
Ashenzari
Cheibriados
Dithmenos
Elyvilon
Fedhas
Gozag
Hepliaklqana
Kikubaaqudgha
Makhleb
Nemelex Xobeh
Okawaru
Qazlal
Ru
Sif Muna
Trog
Uskayaw
Vehumet
Wu Jian
Xom
Yredelemnul
Zin
The Shining One
Beogh

Shops:
D:8 :   D:10 [   Orc:2 :[(*

Annotations:
Shoals:2 Frances


Innate Abilities, Weirdness & Mutations

You are resistant to torment.
Your stone body is resilient. (AC +12)
You are immune to poison.
Your large and strong wings let you fly indefinitely.
You resist negative energy. (rN+)
You are resistant to electric shocks. (rElec)
You can survive without breathing.
You are immune to petrification.
You are immune to rotting.


Message History

Frances is heavily wounded.
Frances hits you with a +0 scimitar.
* * * LOW HITPOINT WARNING * * *
The ice devil hits you but does no damage.
You block the rust devil's attack.
You pummel Frances!!
Frances is severely wounded.
Frances hits you with a +0 scimitar!
* * * LOW HITPOINT WARNING * * *
The orange demon stings you from afar.
* * * LOW HITPOINT WARNING * * *
Your scales of the Dragon King prevents you from hitting Frances.
Frances is severely wounded.
The ice devil hits you.
* * * LOW HITPOINT WARNING * * *
The ice devil freezes you. You resist.
* * * LOW HITPOINT WARNING * * *
The rust devil hits you. The rust devil corrodes you!
Frances hits you with a +0 scimitar!!
You die...

)..≈≈≈≈.....##......≈≈≈≈≈≈≈≈≈≈≈≈
≈≈≈≈≈≈≈≈....###.....≈≈≈≈≈≈≈≈≈≈≈≈
≈≈≈≈≈≈≈≈≈≈....≈≈≈..≈≈≈≈≈≈≈≈≈≈≈≈
≈≈≈≈≈≈≈≈.≈≈..≈≈≈≈..≈≈≈≈≈≈≈≈≈≈≈≈
............≈≈≈≈≈≈≈≈≈≈≈≈
...≈.....≈≈≈≈≈≈.≈≈≈≈≈≈≈≈
#......4.......≈≈≈≈≈≈≈≈
#...@4....)...≈≈≈≈≈≈≈
#?..@4≈.###....≈≈≈≈≈≈
#....≈..##......≈≈≈≈≈
#....≈≈....>....≈≈≈≈≈
#..≈≈≈≈≈≈....≈≈≈≈≈≈≈≈
#..≈≈≈≈≈≈≈≈≈≈≈≈≈≈≈≈≈≈≈
#..≈≈≈≈≈.≈≈≈≈≈≈≈≈≈≈≈≈≈
#...≈≈≈≈≈≈≈≈≈≈≈≈≈≈≈≈≈≈≈
....≈≈≈≈≈≈≈≈≈≈≈≈≈≈≈≈≈≈≈
.(.≈≈≈≈≈≈≈≈≈≈≈≈≈≈≈≈≈≈≈


You could see Frances (fast), an orange demon (summoned), an ice devil
(summoned) and a rust devil (summoned).

Vanquished Creatures
  Rupert (D:13)
  Agnes (D:14)
  Roxanne (D:14)
  Ilsuiw (Shoals:1)
  2 fire giants
  2 orc warlords (Orc:2)
  The ghost of Kakhla Gyfiry the Devastator, a journeyman DrCj of Vehumet (D:13)
  A minotaur (Gauntlet)
  A green death (Gauntlet)
  A merfolk javelineer (Shoals:2)
  2 fire dragons
  2 merfolk impalers (Shoals:1)
  The ghost of Vestruh the Cleaver, a journeyman DDFi of Makhleb (Lair:3)
  Erolcha (D:10)
  Harold (D:9)
  12 hydras
  4 vault guards (D:13)
  An anaconda (Lair:6)
  A merfolk aquamancer (Shoals:1)
  Erica (D:9)
  3 death yaks (Lair:5)
  2 centaur warriors (D:13)
  2 catoblepae (D:13)
  4 two-headed ogres
  3 hell hogs (Abyss:2)
  Urug (D:10)
  3 orc high priests (Orc:2)
  A wretched star (Abyss:2)
  A shadow wraith (Abyss:2)
  A death drake (Gauntlet)
  2 large abominations (Abyss:2)
  A swamp dragon (Lair:6)
  A glowing orange brain (Abyss:2)
  2 unseen horrors
  A wizard (D:14)
  A spectral wolf spider (Gauntlet)
  Pikel (D:8)
  4 sea snakes (Shoals:1)
  6 harpies
  6 orc knights
  A wolf spider zombie (D:15)
  6 orc sorcerers (Orc:2)
  6 fauns
  2 wolf spiders (Lair:6)
  18 cyclopes
  14 ugly things
  Maurice (D:9)
  5 manticores
  5 merfolk sirens
  13 elephants
  14 black mambas
  2 guardian serpents
  2 gargoyles
  Maggie (D:6)
  2 orange demons (Gauntlet)
  9 cane toads
  8 komodo dragons
  A yaktaur (D:15)
  A yaktaur (shapeshifter) (D:14)
  A hellwing (Abyss:2)
  An ancient zyme (Abyss:2)
  8 merfolk
  3 meliai (D:11)
  A queen bee (shapeshifter) (D:14)
  6 trolls
  3 hornets
  13 slime creatures
  A meliai zombie (Gauntlet)
  13 blink frogs
  3 dream sheep (Shoals:1)
  2 snapping turtles (Shoals:1)
  17 hippogriffs
  3 shadows
  The ghost of Glokmah the Bolt Thrower, an amateur KoAM (D:4)
  3 redbacks
  A spriggan (D:14)
  6 water elementals (Shoals:1)
  17 wyverns
  3 wraiths
  4 basilisks
  44 yaks
  4 steam dragons
  7 vampire mosquitoes
  7 wargs
  2 nagas (Abyss:2)
  Edmund (D:6)
  A soldier ant (D:13)
  4 acid dragons
  19 water moccasins
  9 porcupines
  2 small abominations (Abyss:2)
  2 swamp drakes (Lair:6)
  4 ice beasts
  6 sky beasts
  3 phantoms
  33 orc warriors
  3 black bears
  4 eyes of draining
  44 wolves
  22 ogres
  13 centaurs
  11 crocodiles
  6 big kobolds
  3 elf zombies (Ossuary)
  25 bullfrogs
  A gnoll sergeant (D:11)
  A wyvern skeleton (D:5)
  2 scorpions
  11 killer bees (D:11)
  27 wights
  2 electric eels
  A lava snake (Orc:1)
  7 howler monkeys
  7 centaur zombies
  3 jellies
  3 quasits
  6 hounds
  20 orc priests
  4 centaur skeletons
  2 gnoll shamans
  3 bullfrog skeletons
  21 orc wizards
  6 iguanas
  10 worker ants
  A killer bee zombie (D:6)
  3 big kobold zombies (Ossuary)
  2 hound zombies (Ossuary)
  A hound skeleton (D:8)
  3 mummies (Ossuary)
  2 worker ant zombies
  11 adders
  17 gnolls
  8 river rats
  2 shadow imps (D:5)
  4 white imps
  2 ufetubi
  2 oozes
  7 adder zombies
  An adder skeleton (D:4)
  4 worms
  2 dart slugs (D:1)
  7 leopard geckos
  65 orcs
  8 ball pythons
  3 giant cockroaches
  2 gnoll zombies (Ossuary)
  7 goblins
  4 hobgoblins
  24 jackals
  44 kobolds
  2 quokkas
  12 bats
  4 frilled lizards
  2 goblin zombies (Ossuary)
  3 hobgoblin zombies (Ossuary)
  A jackal skeleton (D:5)
  2 jackal zombies (Ossuary)
  A kobold zombie (Ossuary)
  An orc zombie (Ossuary)
  2 quokka skeletons
  8 quokka zombies
  22 rats
  2 rat zombies (Ossuary)
  A lurking horror (Abyss:2)
  A plant (Lair:6)
1021 creatures vanquished.

Vanquished Creatures (others)
  28 fungi
  22 plants
50 creatures vanquished.

Grand Total: 1071 creatures vanquished

Notes
Turn   | Place    | Note
-------+----------+-------------------------------------------
     0 | D:1      | HoaS the Gargoyle Gladiator began the quest for the Orb.
     0 | D:1      | Reached XP level 1. HP: 12/12 MP: 1/1
   123 | D:1      | Reached XP level 2. HP: 18/18 MP: 2/2
   454 | D:1      | Found an iron altar of Okawaru.
   607 | D:1      | Reached XP level 3. HP: 18/22 MP: 3/3
   967 | D:2      | Reached skill level 4 in Unarmed Combat
  1534 | D:3      | Reached XP level 4. HP: 28/28 MP: 4/4
  2414 | D:3      | Found a hazy altar of Hepliaklqana.
  2414 | D:3      | Found an iron altar of Okawaru.
  2415 | D:3      | Found an ornate altar of the Wu Jian Council.
  2541 | D:4      | Found a runed translucent door.
  2541 | D:4      | Noticed a bullfrog
  2542 | D:4      | Noticed Glokmah's ghost (amateur KoAM)
  2768 | D:4      | Reached XP level 5. HP: 29/32 MP: 5/5
  2783 | D:4      | Found a staircase to the Ecumenical Temple.
  2790 | Temple   | Entered the Ecumenical Temple
  3073 | Temple   | Became a worshipper of Makhleb the Destroyer
  3188 | D:4      | Reached skill level 5 in Unarmed Combat
  3397 | D:4      | Found a bloodstained altar of Trog.
  3397 | D:4      | Noticed an eye of draining
  3397 | D:4      | Noticed an eye of draining
  3425 | D:4      | Killed an eye of draining
  3425 | D:4      | Reached XP level 6. HP: 36/39 MP: 1/6
  3437 | D:4      | Killed an eye of draining
  3437 | D:4      | Reached skill level 6 in Unarmed Combat
  3615 | D:5      | Entered Level 5 of the Dungeon
  3619 | D:5      | Noticed a sky beast
  3632 | D:5      | Killed a sky beast
  3632 | D:5      | Reached XP level 7. HP: 37/44 MP: 7/7
  3672 | D:5      | Reached skill level 5 in Fighting
  3827 | D:5      | Reached skill level 7 in Unarmed Combat
  3903 | D:5      | Found a glowing drain.
  3936 | Sewer    | Entered a sewer
  4128 | Sewer    | Reached * piety under Makhleb
  4482 | Sewer    | Reached ** piety under Makhleb
  4482 | Sewer    | Reached XP level 8. HP: 42/51 MP: 8/8
  4703 | D:5      | Reached skill level 8 in Unarmed Combat
  5067 | D:6      | Noticed Edmund
  5079 | D:6      | Killed Edmund
  5143 | D:6      | Found a sand-covered staircase.
  5152 | Ossuary  | Entered an ossuary
  5172 | Ossuary  | Reached skill level 9 in Unarmed Combat
  5191 | Ossuary  | Reached *** piety under Makhleb
  5372 | Ossuary  | Reached XP level 9. HP: 57/57 MP: 9/9
  5415 | Ossuary  | Reached **** piety under Makhleb
  5605 | D:4      | Killed Glokmah's ghost
  5605 | D:4      | Reached skill level 10 in Unarmed Combat
  5652 | D:6      | Identified a scroll of acquirement
  5652 | D:6      | Acquired 1980 gold pieces
  5890 | D:6      | Noticed Maggie
  5916 | D:6      | Killed Maggie
  6128 | D:6      | Reached skill level 11 in Unarmed Combat
  6484 | D:7      | Reached skill level 1 in Armour
  6501 | D:7      | Reached XP level 10. HP: 66/66 MP: 10/10
  7282 | D:7      | Found a sparkling altar of Nemelex Xobeh.
  7824 | D:8      | Found Nuol's Book Emporium.
  7906 | D:8      | Reached ***** piety under Makhleb
  8025 | D:8      | Noticed Pikel
  8029 | D:8      | Noticed a two-headed ogre
  8048 | D:8      | Killed Pikel
  8048 | D:8      | Reached skill level 12 in Unarmed Combat
  8055 | D:8      | Killed a two-headed ogre
  8055 | D:8      | Reached skill level 10 in Fighting
  8620 | D:9      | Noticed Harold
  8632 | D:9      | Killed Harold
  8632 | D:9      | Reached skill level 13 in Unarmed Combat
  8632 | D:9      | Reached XP level 11. HP: 73/73 MP: 11/11
  8682 | D:9      | Found a blossoming altar of Fedhas.
  8725 | D:9      | Acquired a +2 helmet of see invisible
  8915 | D:9      | Noticed a two-headed ogre
  8925 | D:9      | Killed a two-headed ogre
  9003 | D:9      | Noticed Erica
  9014 | D:9      | Killed Erica
  9198 | D:9      | Noticed Maurice
  9218 | D:9      | Killed Maurice
  9595 | D:10     | Entered Level 10 of the Dungeon
  9673 | D:10     | Acquired the ring of the Pure Nightmares {+Fly rF+ Slay+5}
  9702 | D:10     | Found a staircase to the Orcish Mines.
  9736 | D:10     | Reached skill level 14 in Unarmed Combat
  9747 | D:10     | Noticed Urug
  9767 | D:10     | Killed Urug
 10422 | D:10     | You fall into a shaft and drop 2 floors!
 10623 | D:12     | Reached XP level 12. HP: 81/81 MP: 12/12
 10671 | D:12     | Reached ****** piety under Makhleb
 10679 | D:12     | Reached skill level 15 in Unarmed Combat
 11076 | D:12     | Noticed a five-headed hydra
 11096 | D:12     | Killed a five-headed hydra
 11495 | D:11     | Noticed a four-headed hydra
 11518 | D:11     | Killed a four-headed hydra
 11663 | D:11     | Reached skill level 16 in Unarmed Combat
 11679 | D:11     | Got a dazzling plate armour
 11690 | D:11     | Identified the cursed +1 plate armour of Cuwug {rElec rN+
                  | Dex+3} (You found it on level 11 of the Dungeon)
 11945 | D:11     | Found a staircase to the Lair.
 12242 | D:10     | Noticed Erolcha
 12243 | D:10     | Found Efopabbi's Armour Shoppe.
 12249 | D:10     | Killed Erolcha
 12456 | Lair:1   | Entered Level 1 of the Lair of Beasts
 12476 | Lair:1   | Reached XP level 13. HP: 88/88 MP: 13/13
 12531 | Lair:1   | Found a gate leading to a gauntlet.
 12537 | Gauntlet | Entered a Gauntlet
 12537 | Gauntlet | Found a transporter.
 12537 | Gauntlet | Noticed a dire elephant
 12546 | Gauntlet | Found a transporter.
 12566 | Gauntlet | Found a transporter.
 12566 | Gauntlet | Found a transporter.
 12586 | Gauntlet | Found a transporter.
 12586 | Gauntlet | Noticed a green death
 12599 | Gauntlet | Found a transporter.
 12604 | Gauntlet | Found a transporter.
 12608 | Gauntlet | Found a transporter.
 12641 | Gauntlet | Found a transporter.
 12661 | Gauntlet | Found a transporter.
 12665 | Gauntlet | Found a transporter.
 12673 | Gauntlet | Found a transporter.
 12820 | Gauntlet | Got a glimmering cloak
 12831 | Gauntlet | Identified the +2 cloak of the Thirsty Wars {rF+ Regen+}
                  | (You found it in a Gauntlet)
 12860 | Gauntlet | Killed a green death
 12882 | Gauntlet | Got a twitching steel ring
 12884 | Gauntlet | Identified the ring of Sif Muna's Favour {rN+ SInv} (You
                  | found it in a Gauntlet)
 12890 | Gauntlet | Noticed a minotaur
 12909 | Gauntlet | Killed a minotaur
 12909 | Gauntlet | Reached skill level 17 in Unarmed Combat
 13693 | Lair:2   | Found a staircase to the Shoals.
 13729 | Lair:2   | Cast into level 2 of the Abyss (merfolk)
 13777 | Abyss:2  | Found a sparkling altar of Nemelex Xobeh.
 14056 | Lair:2   | Escaped the Abyss
 14873 | Lair:3   | Found a hole to the Spider Nest.
 14908 | Lair:3   | Reached skill level 18 in Unarmed Combat
 14940 | Lair:3   | Gained mutation: Your large and strong wings let you fly
                  | indefinitely. [Gargoyle growth]
 14940 | Lair:3   | Reached XP level 14. HP: 96/96 MP: 14/14
 15126 | Lair:3   | Noticed Vestruh's ghost (journeyman DDFi)
 15140 | Lair:3   | Found a transporter.
 15149 | Lair:3   | Found a transporter.
 15569 | Lair:3   | Reached skill level 15 in Fighting
 17130 | Lair:6   | Entered Level 6 of the Lair of Beasts
 17147 | Lair:6   | Reached skill level 19 in Unarmed Combat
 17639 | Lair:6   | Reached XP level 15. HP: 104/104 MP: 15/15
 17962 | Lair:6   | Reached skill level 20 in Unarmed Combat
 18141 | Lair:6   | Found a staircase to the Slime Pits.
 18624 | Lair:3   | Killed Vestruh's ghost
 18791 | Orc:1    | Entered Level 1 of the Orcish Mines
 19249 | Orc:1    | Found a roughly hewn altar of Beogh.
 19512 | Orc:1    | Noticed a fire giant
 19541 | Orc:1    | Killed a fire giant
 19578 | Orc:1    | Found the +6 arbalest "Damnation" {damnation}
 19822 | Orc:2    | Entered Level 2 of the Orcish Mines
 19967 | Orc:2    | Noticed an orc warlord
 19972 | Orc:2    | Paralysed by an orc sorcerer for 5 turns
 20099 | Orc:2    | Killed an orc warlord
 20176 | Orc:2    | Found Dokiph's Book Emporium.
 20198 | Orc:2    | Noticed an orc warlord
 20257 | Orc:2    | Killed an orc warlord
 20257 | Orc:2    | Reached XP level 16. HP: 108/112 MP: 16/16
 20315 | Orc:2    | Found Feoxoede's Antique Weapon Shoppe.
 20327 | Orc:2    | Found Gawn's Antique Armour Shoppe.
 20345 | Orc:2    | Bought the +9 scales of the Dragon King {rPois rF+ rC+ MR+}
                  | for 2371 gold pieces
 20345 | Orc:2    | Found the +9 scales of the Dragon King {rPois rF+ rC+ MR+}
 20379 | Orc:2    | Found a staircase to the Elven Halls.
 20386 | Orc:2    | Reached skill level 21 in Unarmed Combat
 20424 | Orc:2    | Found Iduly's General Store.
 21101 | D:13     | Noticed Rupert
 21115 | D:13     | Killed Rupert
 21205 | D:13     | Found a gate to the Vaults.
 21314 | D:13     | Found a runed translucent gate.
 21314 | D:13     | Found a runed translucent gate.
 21314 | D:13     | Found a runed translucent gate.
 21317 | D:13     | Noticed Kakhla Gyfiry's ghost (journeyman DrCj)
 21750 | D:13     | Killed Kakhla Gyfiry's ghost
 22168 | D:14     | Noticed Agnes
 22181 | D:14     | Killed Agnes
 22267 | D:14     | Identified Roxanne's Compendium of Stones
 22267 | D:14     | Noticed Roxanne
 22281 | D:14     | Killed Roxanne
 22727 | D:15     | Entered Level 15 of the Dungeon
 22781 | D:15     | Reached skill level 22 in Unarmed Combat
 22968 | D:15     | Reached XP level 17. HP: 119/119 MP: 17/17
 22984 | D:15     | Found a staircase to the Depths.
 23497 | Shoals:1 | Entered Level 1 of the Shoals
 24313 | Shoals:2 | Noticed Ilsuiw
 24334 | Shoals:1 | Killed Ilsuiw
 24600 | Shoals:2 | Noticed Frances
 24629 | Shoals:2 | HP: 3/120 [ice devil[Frances] (5)]
 24629 | Shoals:2 | Demolished by Frances

Illustrated notes

Levels and vault maps discovered:
D:1:      minmay_arrival_glassed_features, layout_basic,
          okawaru_ov_weapons_minmay
D:2:      layout_loops_ring, first_ration
D:3:      layout_loops_ring, nicolae_overflow_hidden_temple
D:4:      layout_loops_ring, trog_eyes_of_draining, minmay_temple_entry_arrows,
          ebering_ghost_sewer_d
D:5:      layout_loops_ring, cheibrodos_sewer_entry_sluice
D:6:      kennysheep_steamy, layout_basic, enter_ossuary_1, uniq_edmund,
          uniq_maggie
D:7:      layout_basic, overflow_temple_1_default
D:8:      layout_basic, serial_shops, nicolae_shop_behind_doors, uniq_pikel
D:9:      layout_gridville, basic_altar, uniq_erica, uniq_harold, uniq_maurice
D:10:     layout_irregular_city, erik_orc_4, serial_shops, shop, uniq_urug,
          uniq_erolcha
D:11:     layout_long_grid, lair_entry_dummy
D:12:     layout_roguey
D:13:     layout_grid_maze, lightli_vaults_fourway_checkpoint,
          ebering_ghost_rock_garden, uniq_rupert
D:14:     layout_loops_ring, serial_bayou_shore_b, grunt_pizzeria,
          nrook_pool_corridor, uniq_agnes, uniq_roxanne
D:15:     grunt_enter_depths_giant_problem, layout_loops_ring,
          skrybe_limestone_x
Temple:   minmay_temple_bridge_d
Lair:1:   layout_roguey, gauntlet_entry_generic
Lair:2:   layout_gridlike, elwin_shoals_entry_rooms
Lair:3:   layout_misc_corridors, spider_nest_entry_webs, gammafunk_ghost_arena,
          st_stairs_9
Lair:4:   layout_gridlike, serial_forest, infiniplex_forest_straight_3,
          infiniplex_forest_join, infiniplex_forest_clump_small,
          infiniplex_forest_lined_3, infiniplex_forest_end_1, lemuel_fruit_tree
Lair:5:   layout_small_grid, serial_bayou_shore_b, grunt_megastairs_1,
          serial_bayou_shore_a
Lair:6:   hangedman_lair_tendril_chambers, layout_cave_pods,
          guppyfry_lair_end_dragon, slime_dummy, grunt_forest_large_clearings,
          infiniplex_staircase_pool
Shoals:1: layout_shoals
Shoals:2: nicolae_shoals_island_circles, layout_shoals, serial_shops,
          shop_statue, uniq_frances, uniq_ilsuiw
Orc:1:    giant_chief_lemuel, layout_diamond_mine, mines2_david
Orc:2:    grunt_orc_gardens, layout_diamond_mine, grunt_orc_garden,
          grunt_orc_garden, grunt_orc_garden, grunt_orc_garden

Skill      XL: |  1  2  3  4  5  6  7  8  9 10 11 12 13 14 15 16 |
---------------+-------------------------------------------------+-----
Unarmed Combat | 4 5 6 7 9 11 13 14 16 18 19 20 22 | 22.8
Fighting       | 3 4 5 7 9 10 12 13 14 15 17 18 | 18.6
Armour         | 1 2 |  2.4
Throwing       | |  1.7
Dodging        | |  2.4

Action                   |  1- 3 |  4- 6 |  7- 9 | 10-12 | 13-15 | 16-18 || total
-------------------------+-------+-------+-------+-------+-------+-------++-------
Melee: Unarmed           |   158 |   219 |   559 |   821 |  1198 |   666 ||  3621
       Punch             |     1 |     3 |    36 |    37 |    96 |    40 ||   213
Throw: Throwing net      |       |       |     2 |     6 |       |       ||     8
       Dart              |       |       |     7 |     2 |       |       ||     9
       Boomerang         |       |       |       |     1 |       |       ||     1
 Abil: Fly               |       |       |       |       |     1 |       ||     1
Evoke: Wand              |       |       |     5 |       |       |       ||     5
  Use: Scroll            |    10 |     3 |    10 |    15 |     4 |     3 ||    45
       Potion            |       |       |     2 |     2 |     1 |     1 ||     6
 Stab: Sleeping          |       |     1 |     1 |       |       |       ||     2
       Held in net/web   |       |       |     1 |     5 |       |       ||     6
       Distracted        |       |       |       |       |     1 |     1 ||     2
  Eat: Ration            |     1 |     2 |     2 |     5 |     7 |     3 ||    20
Armor: Leather armour    |     4 |       |       |       |       |       ||     4
       Ring mail         |    70 |   118 |   221 |       |       |       ||   409
       Steam dragon scal |       |       |     7 |       |       |       ||     7
       Plate armour      |       |       |     6 |   636 |  1009 |     4 ||  1655
       Gold dragon scale |       |       |       |       |       |   621 ||   621
Dodge: Dodged            |    98 |   122 |   316 |   314 |   362 |   118 ||  1330
Block: Other             |       |       |       |       |    62 |   134 ||   196
       Reflection        |       |       |       |       |    11 |    11 ||    22

Table legend:
 A = Non-vault XP
 B = Vault XP
 C = Vault XP percentage of total XP
 D = Non-vault monster count
 E = Vault monster count
 F = Vault count percentage of total count
                 A         B        C        D         E       F
            +---------+---------+-------+---------+---------+-------
      Total |  127755 |   83076 |  39.4 |     708 |     311 |  30.5
            +---------+---------+-------+---------+---------+-------
        D:1 |      41 |       0 |   0.0 |      19 |       0 |   0.0
        D:2 |      25 |       0 |   0.0 |      12 |       0 |   0.0
        D:3 |      77 |       0 |   0.0 |      27 |       0 |   0.0
        D:4 |     108 |     600 |  84.7 |      11 |       7 |  38.9
        D:5 |     623 |      19 |   3.0 |      29 |       3 |   9.4
        D:6 |    1114 |     939 |  45.7 |      22 |       4 |  15.4
        D:7 |    1354 |       0 |   0.0 |      38 |       0 |   0.0
        D:8 |    1857 |     685 |  26.9 |      20 |       1 |   4.8
        D:9 |    2534 |    2437 |  49.0 |      24 |       3 |  11.1
       D:10 |    1625 |    2416 |  59.8 |      17 |      19 |  52.8
       D:11 |    4862 |       0 |   0.0 |      49 |       0 |   0.0
       D:12 |    9904 |       0 |   0.0 |      66 |       0 |   0.0
       D:13 |    6922 |   12448 |  64.3 |      25 |      14 |  35.9
       D:14 |    8045 |    4518 |  36.0 |      28 |       3 |   9.7
       D:15 |   14871 |    1708 |  10.3 |      37 |       1 |   2.6
     Temple |       2 |       0 |   0.0 |       1 |       0 |   0.0
     Lair:1 |    1673 |       0 |   0.0 |       9 |       0 |   0.0
     Lair:2 |    2840 |     927 |  24.6 |      19 |       3 |  13.6
     Lair:3 |    8592 |    3581 |  29.4 |      33 |       9 |  21.4
     Lair:4 |    3085 |       0 |   0.0 |      16 |       0 |   0.0
     Lair:5 |    8037 |    1079 |  11.8 |      26 |       5 |  16.1
     Lair:6 |   12720 |   18809 |  59.7 |      36 |      80 |  69.0
   Shoals:1 |   15177 |    2972 |  16.4 |      34 |       2 |   5.6
   Shoals:2 |    4908 |    2351 |  32.4 |       9 |       4 |  30.8
      Orc:1 |    2398 |   10236 |  81.0 |      25 |      30 |  54.5
      Orc:2 |    6730 |   10635 |  61.2 |      59 |      27 |  31.4
    Abyss:2 |    7631 |       0 |   0.0 |      17 |       0 |   0.0
      Sewer |       0 |     270 | 100.0 |       0 |      48 | 100.0
    Ossuary |       0 |     597 | 100.0 |       0 |      39 | 100.0
   Gauntlet |       0 |    5849 | 100.0 |       0 |       9 | 100.0
            +---------+---------+-------+---------+---------+-------
